 Dungeon Crawl Stone Soup version 0.24-a0-420-g24607be9ce (webtiles) character file.

Game seed: 6149741810878042354

403 SnubMonkey the Ruffian (level 6, -2/57 HPs)
             Began as a Troll Wizard on June 11, 2019.
             Slain by Grinder (5 damage)
             ... while paralysed by Grinder
             ... on level 4 of the Dungeon.
             The game lasted 00:06:56 (3423 turns).

SnubMonkey the Ruffian (Troll Wizard)               Turns: 3423, Time: 00:06:57

Health: -2/57      AC:  7    Str: 16    XL:     6   Next: 55%
Magic:  8/8        EV:  1    Int: 16    God:
Gold:   127        SH:  0    Dex:  8    Spells: 8/9 levels left

rFire    . . .     SeeInvis .     - Unarmed
rCold    . . .     Gourm    +   (no shield)
rNeg     . . .     Faith    .   a - +0 robe
rPois    .         Spirit   .   b - +0 hat
rElec    .         Reflect  .   e - +0 cloak
rCorr    +         Harm     .   (gloves unavailable)
MR       .....                  (boots unavailable)
Stlth    +.........             (no amulet)
HPRegen  0.59/turn              l - ring of resist corrosion
MPRegen  0.11/turn              (no ring)

@: paralysed
A: large, unfitting armour, claws 3, fast metabolism 3, gourmand, regeneration
1, shaggy fur 1, tough skin 3
a: no special abilities


You were on level 4 of the Dungeon.
You were very full.

You visited 1 branch of the dungeon, and saw 4 of its levels.

You collected 127 gold pieces.

Inventory:

Missiles
 f - 5 silver boomerangs (quivered)
Armour
 a - a +0 robe (worn)
 b - a +0 hat (worn)
 e - a +0 cloak (worn)
Jewellery
 g - an uncursed amulet of faith
 l - a ring of resist corrosion (left claw)
 m - a cursed ring of attention {unknown}
Scrolls
 c - 3 scrolls of remove curse
 j - a scroll of teleportation
Potions
 h - 2 potions of berserk rage
 i - a potion of curing {unknown}
 k - a potion of agility {unknown}
Comestibles
 d - 5 rations


   Skills:
 - Level 1.7 Fighting
 - Level 1.5 Dodging
 - Level 1.0 Stealth
 * Level 6.2 Unarmed Combat
 - Level 2.0 Spellcasting
 - Level 0.6 Conjurations
   Level 0.6 Summonings
   Level 0.6 Translocations


You had 8 spell levels left.
You knew the following spells:

 Your Spells              Type           Power        Failure   Level  Hunger
a - Magic Dart            Conj           #...         16%         1    #......

Your spell library contained the following spells:

 Spells                   Type           Power        Failure   Level  Hunger
 Blink                    Tloc           N/A          24%         2    ###....
 Call Imp                 Summ           #.......     24%         2    ###....
 Slow                     Hex            #.......     30%         2    ###....
 Conjure Flame            Conj/Fire      #.......     50%         3    ###....
 Mephitic Cloud           Conj/Pois/Air  #.......     50%         3    ###....


Dungeon Overview and Level Annotations

Branches:
Dungeon (4/15)
 Temple: D:4-7

Altars:
Gozag
Hepliaklqana
Makhleb
Ru
Zin
The Shining One

Annotations:
D:2 exclusion: ogre
D:4 Grinder


Innate Abilities, Weirdness & Mutations

You are too large for most types of armour.
You have claws for hands.
Your metabolism is lightning-fast.
You like to eat raw meat.
Your natural rate of healing is unusually fast.
You are covered in fur. (AC +1)
You have extremely tough skin. (AC +3)


Message History

Grinder is heavily wounded.
Grinder barely misses you.
You claw Grinder!
Grinder is almost dead.
Grinder gestures at you.
You suddenly lose the ability to move!
Grinder says, "Don't move a muscle."
Grinder hits you.
You writhe in agony.
* * * LOW HITPOINT WARNING * * *
Grinder gestures at you. Pain shoots through your body!
* * * LOW HITPOINT WARNING * * *
Grinder hits you.
* * * LOW HITPOINT WARNING * * *
You writhe in agony.
* * * LOW HITPOINT WARNING * * *
Grinder hits you.
* * * LOW HITPOINT WARNING * * *
Grinder hits you.
You die...

#........ #........
#...5....
#####.....5..
#............ # #.#
## #.#### _ #....+ #
#@#### #5# #.# #.#
### ##'## ######..
#...########..รท##.#
#...'..............
#...########.#.##.#
#...# #.#....#


You could see Grinder.

Vanquished Creatures
  A phantom (D:4)
  An ogre (D:4)
  A water moccasin skeleton (D:3)
  5 adders
  4 gnolls
  An ooze (D:1)
  2 worms
  2 dart slugs
  A leopard gecko (D:1)
  An orc (D:3)
  8 giant cockroaches
  8 goblins
  10 hobgoblins
  4 jackals
  14 kobolds
  2 quokkas
  6 bats
  8 frilled lizards
  A leopard gecko skeleton (D:4)
  9 rats
89 creatures vanquished.

Notes
Turn   | Place    | Note
-------+----------+-------------------------------------------
     0 | D:1      | SnubMonkey the Troll Wizard began the quest for the Orb.
     0 | D:1      | Reached XP level 1. HP: 16/16 MP: 2/2
   196 | D:1      | Reached skill level 1 in Unarmed Combat
   219 | D:1      | Reached XP level 2. HP: 21/26 MP: 4/4
   340 | D:1      | Reached skill level 1 in Fighting
   340 | D:1      | Reached skill level 2 in Unarmed Combat
   614 | D:1      | Reached XP level 3. HP: 33/33 MP: 5/5
   923 | D:2      | Noticed an ogre
  1183 | D:2      | Found a burning altar of Makhleb.
  1183 | D:2      | Noticed a blizzard demon
  1491 | D:2      | Reached skill level 3 in Unarmed Combat
  1491 | D:2      | Reached XP level 4. HP: 34/41 MP: 6/6
  1967 | D:3      | Found an opulent altar of Gozag.
  2055 | D:3      | Found a hazy altar of Hepliaklqana.
  2405 | D:3      | Reached skill level 4 in Unarmed Combat
  2405 | D:3      | Reached XP level 5. HP: 24/49 MP: 7/7
  3047 | D:4      | Reached skill level 5 in Unarmed Combat
  3094 | D:4      | Noticed an ogre
  3227 | D:4      | Killed an ogre
  3227 | D:4      | Reached XP level 6. HP: 38/57 MP: 8/8
  3332 | D:4      | Reached skill level 6 in Unarmed Combat
  3370 | D:4      | Found a glowing silver altar of Zin.
  3370 | D:4      | Found a sacrificial altar of Ru.
  3372 | D:4      | Found a glowing golden altar of the Shining One.
  3400 | D:4      | Noticed Grinder
  3418 | D:4      | Paralysed by Grinder for 5 turns
  3422 | D:4      | HP: 2/57 [Grinder (4)]
  3423 | D:4      | Slain by Grinder

Levels and vault maps discovered:
D:1:      kennysheep_arrival_seaside, layout_loops_ring
D:2:      wad_crossroads, layout_loops_corners, makhleb_altar_promises_db,
          kennysheep_generic_room_9
D:3:      minmay_octagon_keep, layout_basic,
          nicolae_gozag_cash_rules_everything_around_me, old_standard_altar,
          first_ration
D:4:      layout_basic, dancing_weapons_uskayaw, nicolae_overflow_hidden_temple,
          uniq_grinder

Skill      XL: |  1  2  3  4  5  6 |
---------------+-------------------+-----
Unarmed Combat | 1 2 3 4 5 6 |  6.2
Fighting       | 1 |  1.7
Dodging        | |  1.5
Stealth        | |  1.0
Spellcasting   | |  2.0
Conjurations   | |  0.6
Summonings     | |  0.6
Translocations | |  0.6

Action                   |  1- 3 |  4- 6 || total
-------------------------+-------+-------++-------
Melee: Unarmed           |   130 |   137 ||   267
       Punch             |     1 |     1 ||     2
Throw: Boomerang         |       |     3 ||     3
 Cast: Magic Dart        |       |     1 ||     1
  Use: Scroll            |       |     7 ||     7
 Stab: Sleeping          |     3 |     1 ||     4
  Eat: Chunk             |    19 |    16 ||    35
Armor: Robe              |    48 |    40 ||    88
Dodge: Dodged            |    52 |    51 ||   103

Table legend:
 A = Non-vault XP
 B = Vault XP
 C = Vault XP percentage of total XP
 D = Non-vault monster count
 E = Vault monster count
 F = Vault count percentage of total count
                 A         B        C        D         E       F
            +---------+---------+-------+---------+---------+-------
      Total |     528 |      48 |   8.3 |      71 |      18 |  20.2
            +---------+---------+-------+---------+---------+-------
        D:1 |      45 |       0 |   0.0 |      24 |       0 |   0.0
        D:2 |      88 |       7 |   7.4 |      21 |       5 |  19.2
        D:3 |     103 |      41 |  28.5 |      17 |      13 |  43.3
        D:4 |     292 |       0 |   0.0 |       9 |       0 |   0.0
            +---------+---------+-------+---------+---------+-------
